Map: [ESL] Babylon

Players

Oriana

  • Race: Terran Terran
  • Spawn Location: 5:00

Has - Winner!

  • Race: Protoss Protoss
  • Spawn Location: 11:00

Event: ESL SC2 Masters 2023 Summer (Regionals)

VOD

Have the link to the VOD?

Description

Time

  • Played on: May 11, 2023, 8:40 a.m.
  • Length: 7:43

All games in this series

Show
View Real Time Build Order
Export as new Build Order

Oriana Terran 

Build Orders: 1/1/1, Banshee Rush 

Get SALT Encoding   

  12  0:00  SCV  
  13  0:12  SCV  
  14  0:17  Supply Depot  
  14  0:24  SCV  
  15  0:38  SCV  
  15  0:40  Barracks  
  16  0:44  Refinery  
  16  0:50  SCV  
  16  0:55  Refinery  
  17  1:02  SCV  
  18  1:14  SCV  
  19  1:27  Orbital Command, Reaper  
  19  1:28  Supply Depot  
  20  1:43  Factory  
  20  1:52  SCV  
  21  2:04  Barracks Reactor  
  21  2:05  SCV  
  22  2:16  Command Center  
  22  2:19  SCV  
  23  2:28  Starport  
  23  2:34  SCV  
  23  2:35  Widow Mine  
  26  2:40  Supply Depot  
  26  2:45  Marine x2  
  26  2:49  SCV  
  29  2:56  Widow Mine  
  31  3:02  SCV  
  31  3:03  Marine x2  
  34  3:08  Medivac  
  36  3:15  SCV  
  36  3:19  Factory Tech Lab  
  37  3:22  Marine  
  37  3:23  Marine  
  39  3:29  SCV  
  40  3:44  Marine x2  
  40  3:45  Cloaking Field  
  40  3:47  Banshee, Factory Tech Lab  
  44  3:50  Orbital Command  
  44  3:54  SCV  
  45  3:59  Supply Depot  
  45  4:04  Marine x2  
  45  4:09  Siege Tank  
  50  4:12  SCV  
  51  4:17  SCV  
  52  4:24  Bunker  
  52  4:27  Marine x2  
  52  4:29  SCV  
  50  4:31  Orbital Command  
  45  4:41  Siege Tank  
  47  4:48  SCV  
  48  4:54  Banshee  
  48  4:55  Supply Depot  
  51  5:00  Supply Depot  
  51  5:16  Marine x2, Supply Depot  
  51  5:20  Barracks  
  53  5:22  Barracks  
  53  5:27  Siege Tank  
  53  5:28  SCV x2  
  58  5:39  Orbital Command  
  58  5:41  Supply Depot  
  58  5:50  Marine x2  
  58  5:57  SCV  
  62  6:04  SCV  
  62  6:09  SCV  
  60  6:20  Combat Shield  
  60  6:27  SCV x2  
  60  6:30  Supply Depot  
  60  6:31  Marine x2  
  60  6:32  Marauder x2  
  68  6:36  Starport Reactor  
  68  6:39  SCV x2, Refinery, Engineering Bay  
  70  6:42  Factory Reactor  
  72  6:54  SCV x2, Bunker  
  72  6:56  Marine x2  
  72  6:58  Supply Depot  
  74  7:02  Marauder x2  
  78  7:14  Supply Depot  
  78  7:18  SCV  
  78  7:19  SCV  
  78  7:21  Missile Turret  
  74  7:25  Marine x2  
Show
View Real Time Build Order
Export as new Build Order

Has Protoss - Winner!

Build Orders: 1 Gate Expand 

Get SALT Encoding   

  12  0:00  Probe  
  13  0:12  Probe  
  14  0:17  Pylon  
  14  0:24  Probe (Chrono Boost)  
  16  0:36  Probe (Chrono Boost), Gateway  
  16  0:42  Assimilator  
  16  0:44  Probe  
  17  0:56  Probe  
  18  1:08  Probe  
  19  1:20  Probe  
  19  1:23  Cybernetics Core  
  20  1:33  Nexus  
  20  1:38  Probe  
  21  1:44  Pylon  
  21  1:50  Probe  
  22  1:54  Assimilator  
  22  1:59  Stalker (Chrono Boost)  
  22  2:02  Warp Gate  
  22  2:05  Probe  
  25  2:17  Probe  
  25  2:22  Robotics Facility  
  26  2:29  Probe, Stalker  
  29  2:42  Probe  
  30  2:45  Probe  
  31  2:58  Gateway x2  
  32  3:01  Shield Battery  
  32  3:05  Stalker  
  33  3:09  Observer (Chrono Boost)  
  34  3:16  Probe  
  35  3:21  Warp Prism (Chrono Boost)  
  35  3:25  Probe  
  38  3:30  Pylon  
  39  3:35  Probe (Chrono Boost)  
  39  3:38  Probe (Chrono Boost)  
  40  3:46  Observer  
  42  3:49  Probe (Chrono Boost)  
  42  3:51  Probe (Chrono Boost), Stalker  
  42  3:54  Stalker  
  46  3:56  Stalker  
  46  4:02  Probe, Pylon  
  49  4:17  Stalker  
  51  4:20  Adept  
  51  4:21  Adept  
  51  4:22  Probe x2  
  56  4:34  Probe  
  56  4:37  Probe  
  58  4:46  Pylon  
  58  4:47  Twilight Council  
  58  4:52  Probe x2  
  60  4:58  Shield Battery  
  60  5:05  Probe  
  61  5:08  Stalker x2  
  61  5:11  Probe  
  66  5:17  Probe  
  65  5:22  Observer (Chrono Boost)  
  65  5:23  Probe  
  66  5:29  Probe  
  66  5:35  Probe, Charge (Chrono Boost)  
  68  5:36  Nexus  
  68  5:40  Gateway  
  68  5:41  Probe, Pylon, Gateway  
  65  5:52  Pylon  
  66  5:58  Zealot, Sentry  
  66  6:00  Zealot  
  71  6:04  Probe  
  71  6:08  Gateway  
  72  6:11  Gateway  
  72  6:17  Probe  
  72  6:18  Probe  
  71  6:20  Stalker x2  
  72  6:30  Probe  
  71  6:36  Zealot x3  
  71  6:39  Probe  
  78  6:41  Pylon  
  78  6:42  Probe  
  78  6:43  Zealot x2  
  83  6:48  Probe  
  83  6:51  Probe  
  85  6:59  Zealot x2  
  85  7:00  Zealot x2  
  93  7:02  Probe x2  
  93  7:03  Probe  
  96  7:22  Zealot x7  
  104  7:26  Probe  
  104  7:28  Probe  
Tags
 
Add a new tag
Caveats
  • Supply blocks, unpowered buildings, or Contaminate may cause inaccurate times.
  • Supply counts are checked every 10 seconds.